[Event "44th Chess Olympiad Open 2022"]
[Site "Chennai"]
[Date "2022.08.05"]
[Round "7.58"]
[White "Traore, Bakary"]
[Black "Kaloust, Giorgio"]
[Result "1/2-1/2"]
[ECO "B13"]
[WhiteElo "2181"]
[BlackElo "1942"]
[Annotator "NA RC"]
[PlyCount "70"]
[EventDate "2022.07.29"]
[EventType "team-tourn"]
[EventCountry "IND"]
[SourceTitle "playchess.com"]
[Source "ChessBase"]
[SourceQuality "1"]
[WhiteTeam "Mali"]
[BlackTeam "Lebanon"]
[WhiteTeamCountry "MLI"]
[BlackTeamCountry "LBN"]
[TimeControl "40/5400+30:1800+30"]

1. e4 c6 2. d4 d5 3. exd5 cxd5 4. c4 Nf6 5. Nc3 Nc6 6. Nf3 Bg4 7. cxd5 Nxd5 8. Qb3 Nb6 9. d5 Bxf3 10. gxf3 Nd4 11. Qd1 e5 12. dxe6 Nxe6 13. Bb5+ Nd7 14. Be3 a6 15. Bxd7+ Qxd7 16. Qxd7+ Kxd7 17. O-O-O+ Kc6 18. Rd3 Bc5 19. Ne4 Bxe3+ 20. fxe3 Rhd8 21. Rhd1 Rxd3 22. Rxd3 Rd8 23. Rxd8 Nxd8 24. Kc2 Ne6 25. Kd3 Nc5+ 26. Kd4 Nxe4 27. Kxe4 Kd6 28. Kd4 g5 29. e4 f6 30. a4 b6 31. b3 h6 32. b4 h5 33. h3 h4 34. a5 b5 35. Ke3 Ke5 1/2-1/2

[Event "44th Chess Olympiad Open 2022"]
[Site "Chennai"]
[Date "2022.08.05"]
[Round "7.58"]
[White "Khoder, Akram"]
[Black "Coulibaly, Abdoulaye"]
[Result "1-0"]
[ECO "D11"]
[WhiteElo "2038"]
[BlackElo "1936"]
[Annotator "TA"]
[PlyCount "83"]
[EventDate "2022.07.29"]
[EventType "team-tourn"]
[EventCountry "IND"]
[SourceTitle "playchess.com"]
[Source "ChessBase"]
[SourceQuality "1"]
[WhiteTeam "Lebanon"]
[BlackTeam "Mali"]
[WhiteTeamCountry "LBN"]
[BlackTeamCountry "MLI"]
[TimeControl "40/5400+30:1800+30"]

1. d4 d5 2. c4 c6 3. Nf3 Nf6 4. Qc2 Bg4 5. Ne5 Bh5 6. cxd5 {[%emt 0:01:16] D11: Slav Defence: 3 Nf3 sidelines and 3...Nf6 4 e3 Bg4.} Qxd5 7. e3 e6 8. Bd2 {[%emt 0:02:29] Active counter play! White is slightly better.} Bg6 (8... Qd8 $11) 9. Nxg6 $14 hxg6 10. Nc3 {[%emt 0:00:12] [#]} Qf5 $146 (10... Qd6 $142) ({Predecessor:} 10... Qd6 11. Qb3 Qb4 12. Qxb4 Bxb4 13. a3 Bd6 14. Be2 Nbd7 15. h3 Nb6 16. O-O e5 17. dxe5 Bxe5 {1-0 (24) Doroshkievich,V (2370)-Ljubarskij,J (2340) Sochi 1998}) 11. e4 $16 Qa5 12. Bd3 (12. Be2 $16) 12... Qc7 (12... Na6 $14) 13. h3 Nbd7 14. Rc1 ({Better is} 14. e5 $16) 14... Nb6 (14... Qb6 $14) 15. Ne2 Be7 16. O-O O-O-O $2 {[%emt 0:09:04] Loses the game.} (16... O-O $16) 17. Bf4 $18 Qd7 18. Qb3 {[%emt 0:04:14][%cal Oc1c6] [#] And now Rxc6+! would win.} Nh5 19. Rxc6+ Qxc6 20. Rc1 Nxf4 21. Rxc6+ bxc6 22. Nxf4 Rxd4 {[%emt 0:00:27] [#]} 23. Qc3 $1 $36 {[%emt 0:00:23][%csl LRc6,LRd4][%mdl 2048] Black is under strong pressure.} c5 24. Ne2 Rd7 25. Qxg7 Rhd8 $2 (25... Rf8) 26. Ba6+ {[%emt 0:00:24] White is clearly winning.} Kb8 27. Qxf7 Rf8 28. Qxe6 Rd1+ 29. Kh2 Bd6+ 30. e5 Bc7 31. f4 {[%emt 0:00:13] Threatening mate with Qc6.} Rd7 32. Qc6 Bd8 33. Qxc5 Be7 34. Qc6 g5 35. a4 gxf4 36. a5 Rc7 37. Qe4 Nd7 38. Nxf4 Nc5 {[%emt 0:00:35] Inhibits Ne6.} 39. Qb4+ Ka8 40. Nd5 Nxa6 41. Nxc7+ Nxc7 42. Qxe7 {[%emt 0:00:07] Weighted Error Value: White=0.12 (very precise) /Black=0.56} 1-0

[Event "44th Chess Olympiad Open 2022"]
[Site "Chennai"]
[Date "2022.08.05"]
[Round "7.58"]
[White "Maiga, Baba Moulaye Abdalla"]
[Black "Kassis, Antoine"]
[Result "0-1"]
[ECO "B20"]
[WhiteElo "1822"]
[BlackElo "2202"]
[Annotator "NA RC"]
[PlyCount "80"]
[EventDate "2022.07.29"]
[EventType "team-tourn"]
[EventCountry "IND"]
[SourceTitle "playchess.com"]
[Source "ChessBase"]
[SourceQuality "1"]
[WhiteTeam "Mali"]
[BlackTeam "Lebanon"]
[WhiteTeamCountry "MLI"]
[BlackTeamCountry "LBN"]
[TimeControl "40/5400+30:1800+30"]

1. e4 c5 2. Nf3 e6 3. Nc3 a6 4. a4 Nc6 5. Bc4 Nf6 6. d3 d5 7. exd5 exd5 8. Ba2 Be7 9. O-O O-O 10. h3 h6 11. Ne2 b5 12. c3 Bf5 13. Ng3 Bh7 14. Bb1 Bd6 15. Ne2 Qc7 16. Be3 b4 17. Qd2 Na5 18. Bf4 Nb3 19. Bxd6 Qxd6 20. Qd1 Nxa1 21. b3 bxc3 22. Nxc3 d4 23. Ne2 Nd5 24. Ba2 Nb4 25. Qxa1 Bxd3 26. Qb2 Rfe8 27. Ng3 Bxf1 28. Kxf1 Nxa2 29. Qxa2 Rab8 30. Qc2 Qd5 31. Nd2 d3 32. Qd1 Qe6 33. Nge4 Qe5 34. Ng3 f5 35. Kg1 Qe1+ 36. Qxe1 Rxe1+ 37. Ngf1 Rbe8 38. g3 R8e2 39. Kg2 Rxf1 40. Nxf1 d2 0-1

[Event "44th Chess Olympiad Open 2022"]
[Site "Chennai"]
[Date "2022.08.05"]
[Round "7.59"]
[White "Kett, Tim"]
[Black "Hassan Sidi Mohamed Cheikh"]
[Result "1/2-1/2"]
[ECO "A07"]
[WhiteElo "2197"]
[BlackElo "1825"]
[Annotator "NA RC"]
[PlyCount "121"]
[EventDate "2022.07.29"]
[EventType "team-tourn"]
[EventCountry "IND"]
[SourceTitle "playchess.com"]
[Source "ChessBase"]
[SourceQuality "1"]
[WhiteTeam "Wales"]
[BlackTeam "MTN"]
[WhiteTeamCountry "WLS"]
[TimeControl "40/5400+30:1800+30"]

1. Nf3 d5 2. b3 Nf6 3. Bb2 Bf5 4. g3 e6 5. Bg2 Be7 6. O-O h6 7. d3 O-O 8. Nbd2 Nbd7 9. Re1 Bh7 10. e4 dxe4 11. dxe4 c6 12. Qe2 Qc7 13. e5 Nd5 14. Ne4 Nc5 15. Nfd2 Rad8 16. a3 Rd7 17. Nxc5 Bxc5 18. Ne4 Bxe4 19. Qxe4 Rfd8 20. b4 Qb6 21. Re2 Ne7 22. Rf1 Ng6 23. c3 Bf8 24. Bc1 Rd3 25. Be3 Qb5 26. Bd4 c5 27. a4 Qc4 28. Bxc5 Qxe4 29. Bxe4 Rxc3 30. Bxf8 Kxf8 31. f4 Rd4 32. b5 b6 33. Bc6 Ne7 34. Bg2 Rcc4 35. Ra1 Rxa4 36. Rxa4 Rxa4 37. Rc2 Nd5 38. Bxd5 exd5 39. Rc7 Ke8 40. Kf2 Ra3 41. f5 d4 42. Rb7 Re3 43. Rb8+ Kd7 44. Rb7+ Kc8 45. Rxf7 Rxe5 46. g4 d3 47. Rxa7 Re4 48. h3 h5 49. gxh5 d2 50. Ra1 Rf4+ 51. Ke3 Rxf5 52. Kxd2 Rxb5 53. Rg1 Rxh5 54. Rxg7 Rxh3 55. Kc2 Rf3 56. Rh7 Rg3 57. Rf7 Rg5 58. Kc3 Rc5+ 59. Kb4 Rg5 60. Rh7 Rf5 61. Rg7 1/2-1/2

[Event "44th Chess Olympiad Open 2022"]
[Site "Chennai"]
[Date "2022.08.05"]
[Round "7.59"]
[White "Pleasants, Allan J"]
[Black "Boidiya, Sidi"]
[Result "0-1"]
[ECO "D05"]
[WhiteElo "2024"]
[BlackElo "1997"]
[Annotator "TA"]
[PlyCount "64"]
[EventDate "2022.07.29"]
[EventType "team-tourn"]
[EventCountry "IND"]
[SourceTitle "playchess.com"]
[Source "ChessBase"]
[SourceQuality "1"]
[WhiteTeam "Wales"]
[BlackTeam "MTN"]
[WhiteTeamCountry "WLS"]
[TimeControl "40/5400+30:1800+30"]

1. Nf3 d5 2. d4 Nf6 3. e3 e6 4. Bd3 Nbd7 5. Nbd2 c5 6. c3 Bd6 7. Qe2 {[%emt 0:02:31] D05: Colle System with ...e6.} (7. O-O {is more appropriate.}) 7... cxd4 (7... O-O $11) 8. exd4 $14 Qc7 9. O-O {[%emt 0:05:01] White is slightly better.} O-O 10. Re1 b6 11. Ne5 Bb7 12. f4 Rfe8 {[%emt 0:00:24] [#]} 13. Ndf3 $146 ({Predecessor:} 13. g4 g6 14. a4 a6 15. Qg2 Rf8 16. h4 Rae8 17. h5 gxh5 18. g5 Ne4 19. Be2 {1-0 (51) Nyberg,W (2100)-Loffler,W (2062) GER email 2012}) 13... Nf8 14. Ng5 Re7 15. g4 h6 16. Ngf3 Ne4 17. Kh1 $2 (17. g5 $11) 17... f6 $19 18. g5 $2 (18. Rf1 $17) 18... hxg5 ({Not} 18... fxe5 19. fxe5 hxg5 20. exd6 Qxd6 21. Bxg5 $16 (21. Bxe4 $2 dxe4 22. Ne5 e3+ 23. Kg1 Qd5 $19) (21. Nxg5 e5 $11)) 19. Rg1 Ree8 ({Less strong is} 19... fxe5 20. fxe5 Bc5 21. Be3 $14 (21. dxc5 Nxc5 22. Bxg5 Rf7 $11)) (19... gxf4 $19 {is more deadly.} 20. Bxf4 fxe5 21. Nxe5 Rf7) 20. Be3 fxe5 $2 (20... Nh7 $19 {Hoping for ...gxf4.} 21. Rg2 fxe5 22. fxe5 Be7) 21. fxe5 $15 Be7 {[%emt 0:00:35] And now ...Nh7 would win.} 22. Nxg5 Bxg5 23. Bxg5 {[%emt 0:00:07] [#]} Nh7 $1 {[%emt 0:00:13] Inhibits Bf6.} 24. Be3 Rf8 25. Rg6 Rf7 (25... Rf5 $17 26. Rag1 Nf8) 26. Rag1 $1 Nf8 27. Rh6 Rf5 {[%emt 0:06:45] Inhibits Qh5. aiming for ...Qf7.} 28. Qg4 {[%emt 0:00:45] [#]} ({Better is} 28. Rg2 $1 $15) 28... Rg5 $1 $17 29. Rh8+ (29. Qxg5 $17 Nxg5 30. Bxg5) 29... Kxh8 $19 30. Qh4+ Nh7 (30... Kg8 $142 31. Bxg5 Ng6) 31. Bxg5 (31. Rxg5 {keeps fighting.} Qf7 32. Rg2) 31... Rf8 {[%emt 0:00:29] Strongly threatening ...Nf2+.} 32. Be3 {[%emt 0:00:58] Against Nf2+} Rf3 {[%emt 0:00:00] Weighted Error Value: White=0.48/Black=0.36} 0-1

[Event "44th Chess Olympiad Open 2022"]
[Site "Chennai"]
[Date "2022.08.05"]
[Round "7.59"]
[White "Cheikhna, Mohamed Lemine"]
[Black "Bullen, Alex"]
[Result "0-1"]
[ECO "B14"]
[WhiteElo "1899"]
[BlackElo "2106"]
[Annotator "NA RC"]
[PlyCount "96"]
[EventDate "2022.07.29"]
[EventType "team-tourn"]
[EventCountry "IND"]
[SourceTitle "playchess.com"]
[Source "ChessBase"]
[SourceQuality "1"]
[WhiteTeam "MTN"]
[BlackTeam "Wales"]
[BlackTeamCountry "WLS"]
[TimeControl "40/5400+30:1800+30"]

1. e4 c6 2. d4 d5 3. exd5 cxd5 4. c4 Nf6 5. Nc3 e6 6. cxd5 Nxd5 7. Nf3 Bb4 8. Bd2 Nc6 9. Bd3 Be7 10. a3 O-O 11. O-O Bf6 12. Nxd5 Qxd5 13. Qc2 g6 14. Be4 Qd7 15. Bxc6 Qxc6 16. Qxc6 bxc6 17. Rac1 Bb7 18. Be3 Rfd8 19. Rc5 Rd5 20. Rfc1 Rad8 21. h3 Rxc5 22. Rxc5 Be7 23. Rc3 Rd5 24. Kf1 a5 25. Ke1 f6 26. Rb3 Rb5 27. Rxb5 cxb5 28. Bd2 Bd8 29. Ke2 Bb6 30. Bc3 Kf7 31. Ne1 Ke7 32. f3 Kd6 33. Nd3 Bd5 34. Kd2 Bc4 35. f4 Kd5 36. Ke3 Bxd3 37. Kxd3 a4 38. g4 f5 39. g5 Ba7 40. h4 Bb6 41. b4 axb3 42. Bb2 Bc7 43. Bc1 Bd6 44. Kc3 b2 45. Kxb2 Kxd4 46. Kb3 Ke4 47. Kc3 Bxf4 48. Bxf4 Kxf4 0-1

[Event "44th Chess Olympiad Open 2022"]
[Site "Chennai"]
[Date "2022.08.05"]
[Round "7.59"]
[White "Yahi, Mohamed Salem"]
[Black "Toczek, Grzegorz"]
[Result "0-1"]
[ECO "B01"]
[WhiteElo "1862"]
[BlackElo "2287"]
[Annotator "NA RC"]
[PlyCount "132"]
[EventDate "2022.07.29"]
[EventType "team-tourn"]
[EventCountry "IND"]
[SourceTitle "playchess.com"]
[Source "ChessBase"]
[SourceQuality "1"]
[WhiteTeam "MTN"]
[BlackTeam "Wales"]
[BlackTeamCountry "WLS"]
[TimeControl "40/5400+30:1800+30"]

1. e4 d5 2. exd5 Qxd5 3. Nc3 Qa5 4. d4 Nf6 5. Bd3 c6 6. Nge2 g6 7. O-O Bg7 8. Bd2 O-O 9. h3 Nbd7 10. Qc1 Re8 11. Re1 Qd8 12. Ng3 Nb6 13. Nce2 Nfd7 14. Bh6 Bh8 15. c4 Ne5 16. Rd1 Nxd3 17. Rxd3 e5 18. a4 exd4 19. Bg5 Qc7 20. Nxd4 Nd7 21. Nf3 Nc5 22. Bf4 Nxd3 23. Bxc7 Nxc1 24. Rxc1 Bxb2 25. Rd1 Bg7 26. Ne4 Be6 27. Rc1 b6 28. g4 Bxg4 29. Nfd2 Bxh3 30. Bf4 c5 31. Nc3 Be5 32. Be3 Be6 33. Nce4 f5 34. Ng5 f4 35. Ndf3 Bc7 36. Bd2 Bf5 37. Nh4 Bd3 38. Ng2 h6 39. Bxf4 Bxf4 40. Nxf4 Rad8 41. Nf3 Re4 42. Nd5 Kg7 43. Ne3 Be2 44. Ne1 Rdd4 45. a5 Bxc4 46. axb6 axb6 47. Nf3 Rg4+ 48. Nxg4 Rxg4+ 49. Kh2 Bd5 50. Ne5 Rg2+ 51. Kh3 Rxf2 52. Ra1 Ra2 53. Rd1 Be6+ 54. Kg3 Kf6 55. Nc6 Ra3+ 56. Kh2 Bf5 57. Rd6+ Kg5 58. Ne5 b5 59. Kg2 h5 60. Kf2 b4 61. Rb6 Rc3 62. Nc6 b3 63. Na5 Rc2+ 64. Ke3 b2 65. Nc6 Rh2 66. Ne5 Rh3+ 0-1

[Event "44th Chess Olympiad Open 2022"]
[Site "Chennai"]
[Date "2022.08.05"]
[Round "7.60"]
[White "Koniahli, Malek."]
[Black "Hsu, Hsuan-Ming"]
[Result "1/2-1/2"]
[ECO "C77"]
[WhiteElo "2238"]
[BlackElo "1900"]
[Annotator "NA RC"]
[PlyCount "96"]
[EventDate "2022.07.29"]
[EventType "team-tourn"]
[EventCountry "IND"]
[SourceTitle "playchess.com"]
[Source "ChessBase"]
[SourceQuality "1"]
[WhiteTeam "Syria"]
[BlackTeam "Taiwan"]
[WhiteTeamCountry "SYR"]
[BlackTeamCountry "TPE"]
[TimeControl "40/5400+30:1800+30"]

1. e4 e5 2. Nf3 Nc6 3. Bb5 a6 4. Ba4 Nf6 5. Bxc6 dxc6 6. d3 Bc5 7. Nbd2 O-O 8. Nc4 Nd7 9. O-O f6 10. Be3 Be7 11. d4 exd4 12. Nxd4 Ne5 13. Nxe5 fxe5 14. Nb3 Bd6 15. Qe2 Qe8 16. Rad1 Qg6 17. f3 a5 18. a4 Qf7 19. Nd2 Be6 20. b3 Be7 21. Nc4 Bf6 22. Bd2 Qe7 23. Kh1 b6 24. Bc3 Bf7 25. Ne3 Qc5 26. Bb2 Be6 27. Nc4 b5 28. Qe3 Qxe3 29. Nxe3 Rfd8 30. Bc3 b4 31. Bb2 h5 32. Kg1 Rd6 33. Kf2 Rad8 34. Ke2 Bc8 35. g3 Ba6+ 36. Nc4 Bg5 37. Rd3 Rxd3 38. cxd3 Bxc4 39. bxc4 Bf6 40. Bc1 Kf7 41. Be3 Ke6 42. f4 Be7 43. Kd2 c5 44. Kc2 Rf8 45. Rf2 g6 46. Kb3 Bd6 47. h3 Rf7 48. Kc2 Rf8 1/2-1/2

[Event "44th Chess Olympiad Open 2022"]
[Site "Chennai"]
[Date "2022.08.05"]
[Round "7.60"]
[White "Chekh Adm Khedr, Aram"]
[Black "Yan, Austin K"]
[Result "1/2-1/2"]
[ECO "B20"]
[WhiteElo "2147"]
[BlackElo "1568"]
[Annotator "TA"]
[PlyCount "114"]
[EventDate "2022.07.29"]
[EventType "team-tourn"]
[EventCountry "IND"]
[SourceTitle "playchess.com"]
[Source "ChessBase"]
[SourceQuality "1"]
[WhiteTeam "Syria"]
[BlackTeam "United States"]
[WhiteTeamCountry "SYR"]
[BlackTeamCountry "USA"]
[TimeControl "40/5400+30:1800+30"]

1. e4 c5 2. b3 d5 3. exd5 Qxd5 4. Nc3 Qd8 5. Bc4 Nf6 6. Nf3 {[%emt 0:00:21] B20: Sicilian: Unusual White 2nd moves.} a6 7. a4 Nc6 8. Bb2 Bg4 9. h3 {[%emt 0:10:35] [#]} Bh5 $146 ({Predecessor:} 9... Bxf3 10. Qxf3 Nd4 11. Qd1 e6 12. O-O Be7 13. Ne2 O-O 14. Nxd4 cxd4 15. Qf3 Rb8 {½-½ (48) Mammadova,G (2382)-Eswaran,A (2244) Chess.com INT 2021}) 10. g4 Bg6 11. d3 e6 12. Qd2 Bd6 13. Rg1 Qc7 14. Ne2 O-O-O 15. h4 {[%emt 0:10:06] [#]} Ne5 (15... h5 $1 $17 16. g5 Ng4) 16. Nxe5 Bxe5 17. Bxe5 Qxe5 18. Qc3 Qxc3+ 19. Nxc3 h5 $1 20. g5 Nd7 (20... Ng4 {keeps more tension.} 21. f4 Ne3 22. Kd2 Nf5) 21. f4 {[%emt 0:10:22] Prevents Ne5.} Nb8 22. O-O-O Kc7 23. Ne4 b6 24. Nd2 Bf5 (24... Rd4 $5 ) 25. Rde1 Rhe8 26. Nf3 f6 27. gxf6 gxf6 28. Rg7+ Rd7 29. Rxd7+ Kxd7 30. c3 Rg8 31. Rg1 Rxg1+ 32. Nxg1 $11 {[%emt 0:00:01][%mdl 4096] Endgame KBN-KBN} Bg4 33. Kd2 $1 Kc6 {[%emt 0:00:26] [#] aiming for ...b5.} 34. b4 (34. d4 $1 $11 {remains equal.}) 34... b5 $17 35. Bb3 Nd7 ({Black should try} 35... cxb4 $17 36. cxb4 Kd7 37. axb5 axb5) 36. axb5+ $11 {[%emt 0:00:31] The position is equal.} axb5 37. Ke3 Nf8 38. Nf3 Ng6 {[%emt 0:00:39] Hoping for ...Bxf3.} 39. bxc5 Kxc5 40. Nh2 Nxh4 41. Nxg4 hxg4 42. Bxe6 {[%emt 0:00:06] KB-KN} f5 43. Kf2 Kd6 44. Bc8 Kc7 45. Be6 Kd6 46. Bf7 Nf3 47. Bg6 b4 48. cxb4 Nd4 49. Be8 Nc2 50. b5 Kc5 51. Bd7 Nd4 52. Ke3 {[%emt 0:00:00][%cal Ob5b6] b6! is the strong threat.} Nc2+ 53. Ke2 Nd4+ 54. Kf2 Kb6 55. Ke3 g3 56. Bc6 ({Not} 56. Kxd4 $2 g2 57. Bc6 g1=Q+ $19) 56... Nxc6 57. bxc6 Kxc6 {[%emt 0:00:01] Weighted Error Value: White=0.09 (flawless) /Black=0.08 (flawless)} 1/2-1/2

[Event "44th Chess Olympiad Open 2022"]
[Site "Chennai"]
[Date "2022.08.05"]
[Round "7.60"]
[White "Liu, Yeh Yang"]
[Black "Fandi, Mazen."]
[Result "0-1"]
[ECO "B01"]
[WhiteElo "1994"]
[BlackElo "1715"]
[Annotator "TA"]
[PlyCount "110"]
[EventDate "2022.07.29"]
[EventType "team-tourn"]
[EventCountry "IND"]
[SourceTitle "playchess.com"]
[Source "ChessBase"]
[SourceQuality "1"]
[WhiteTeam "Taiwan"]
[BlackTeam "Syria"]
[WhiteTeamCountry "TPE"]
[BlackTeamCountry "SYR"]
[TimeControl "40/5400+30:1800+30"]

1. e4 d5 2. exd5 Qxd5 3. Nc3 Qe5+ 4. Nge2 Qa5 5. d4 c6 6. Nf4 {[%emt 0:01:19] B01: Scandinavian Defence.} Nf6 7. Bc4 e6 8. O-O {[%emt 0:00:13] White is slightly better.} Bd6 {[%emt 0:00:21] [#]} 9. Qd3 $146 ({Predecessor:} 9. Re1 O-O 10. Ne4 Nxe4 11. Rxe4 Nd7 12. c3 Nf6 13. Re1 Qc7 14. g3 c5 {½-½ (14) Alexikov,A (2402)-Boricsev,O (2299) Alushta 2006}) 9... O-O 10. Ne4 Nxe4 11. Qxe4 Nd7 12. c3 e5 13. b4 ({Not} 13. Bd3 $2 Nf6 14. Qf3 exf4 $19) 13... Qc7 14. dxe5 (14. Nh5 $11 {remains equal.} exd4 15. cxd4 (15. Qxd4 Bxh2+ 16. Kh1 Be5 $17)) 14... Bxe5 $17 ({Much worse is} 14... Nxe5 $6 15. Bb3 $15) 15. Qf3 {[%emt 0:02:39] [#]} Nf6 $1 16. h3 {[%emt 0:00:07] Against Bg4} Bf5 (16... b5 $17 17. Bb3 Bb7) 17. Nh5 $1 $15 Bg6 (17... Nxh5 $1 $15 {is more appropriate.} 18. Qxf5 Bxc3) 18. Nxf6+ $11 Bxf6 19. Bf4 $36 {[%emt 0:00:12][%mdl 2048] White is more active.} Be5 20. Bxe5 Qxe5 21. Rfe1 Qc7 22. Re3 Rfe8 23. Rae1 Rxe3 24. Qxe3 {[%emt 0:04:00][%cal Oe3e8] White wants to mate with Qe8+!} h6 25. Qe7 Rc8 26. a4 b5 27. Bb3 bxa4 28. Bxa4 c5 29. Qxc7 Rxc7 {[%emt 0:00:10][%mdl 4096] Endgame KRB-KRB} 30. Re8+ Kh7 31. b5 Bd3 32. Rd8 Bc4 33. Rb8 g6 34. Kh2 Kg7 35. Kg3 Kf6 36. Kf4 g5+ 37. Kg4 Be6+ 38. Kf3 Rb7 39. Rh8 Kg7 40. Ra8 {[%emt 0:03:05] [#]} Rxb5 $1 {[%emt 0:02:44] Strongly threatening ...Bd5+.} 41. Rxa7 Rb1 {[%emt 0:31:04] Hoping for ...Ra1.} 42. Ra5 $2 {[%emt 0:11:45][%mdl 8192] Now White is beyond hope.} (42. Rc7 $11) 42... Ra1 $19 43. h4 $2 (43. Ke4) 43... gxh4 44. Ke4 Bb3 45. Bxb3 Rxa5 {[%emt 0:00:11] KR-KB} 46. Kd3 $2 (46. Bd5) 46... c4+ 47. Bxc4 Rg5 48. Ke3 Rxg2 {[%emt 0:00:14] ( -> ...Rg1)} 49. Bd5 h3 {[%emt 0:00:31] Black mates.} 50. c4 Rg5 51. Bb7 h2 52. Kd2 Rg1 53. c5 h1=Q 54. Bxh1 Rxh1 55. c6 Rh5 {[%emt 0:00:10] Weighted Error Value: White=0.55/Black=0.06 (flawless)} 0-1

[Event "44th Chess Olympiad Open 2022"]
[Site "Chennai"]
[Date "2022.08.05"]
[Round "7.60"]
[White "Wu, Bing-Shen"]
[Black "Eiti, Bashir"]
[Result "0-1"]
[ECO "D11"]
[WhiteElo "1660"]
[BlackElo "2337"]
[Annotator "TA"]
[PlyCount "138"]
[EventDate "2022.07.29"]
[EventType "team-tourn"]
[EventCountry "IND"]
[SourceTitle "playchess.com"]
[Source "ChessBase"]
[SourceQuality "1"]
[WhiteTeam "Taiwan"]
[BlackTeam "Syria"]
[WhiteTeamCountry "TPE"]
[BlackTeamCountry "SYR"]
[TimeControl "40/5400+30:1800+30"]

1. d4 Nf6 2. Nf3 d5 3. c4 c6 4. g3 Bf5 5. Bg2 e6 6. Qb3 {[%emt 0:06:26] D11: Slav Defence: 3 Nf3 sidelines and 3...Nf6 4 e3 Bg4.} Qb6 7. c5 Qxb3 8. axb3 {[%emt 0:00:15] The position is equal.} Nbd7 9. Nc3 a6 10. b4 Rc8 11. O-O Be7 12. h3 O-O {[%emt 0:02:16] [#]} 13. g4 $146 ({Predecessor:} 13. Bf4 Rfe8 14. Nd2 h6 15. g4 Bg6 16. f3 Bd8 17. e4 dxe4 18. fxe4 e5 19. dxe5 Nxe5 20. Bxe5 Rxe5 {1-0 (35) Yakovlev,M (2311)-Korolyov,A Dagomys 2004}) 13... Bg6 14. Bf4 h5 15. g5 Nh7 (15... Ne4 $11) 16. h4 $14 Bf5 17. Kh2 f6 18. g6 (18. e3 $11) 18... Bxg6 $17 19. Bh3 Bf5 20. Bxf5 exf5 21. Rg1 Rf7 22. Nd1 (22. e3 $15) 22... Nhf8 23. Ne3 (23. Bd2 $17 {might work better.}) 23... Ne6 $19 24. Bd6 (24. Ng2 $142) 24... Bxd6+ 25. cxd6 f4 26. Nf5 {[%emt 0:00:14] [#]} Kh7 $1 27. Rae1 (27. Ne7 $142 Rd8 28. b5 axb5 29. Ra7) 27... Ndf8 28. e4 dxe4 29. Rxe4 Rd8 30. Rge1 g6 31. Ne7 Rxd6 32. Nc8 Rd8 33. Nb6 Nc7 34. Rxf4 Kg7 35. d5 cxd5 ({Avoid the trap} 35... Nxd5 $2 36. Rd4 $19) 36. Nd4 {[%emt 0:00:31] Prevents Nce6.} Rd6 37. Nc8 {[%emt 0:00:06] [#]} Rd8 (37... Rdd7 $142 $1 38. Rf3 Rd8) 38. Nb6 $1 Nd7 39. Nxd5 (39. Na4) 39... Nxd5 40. Ne6+ Kg8 41. Rd4 {[%emt 0:06:22] [#]} Re8 42. Rxd5 Ne5 {[%emt 0:01:08] And now ...Nf3+ would win.} 43. Kg3 {[%emt 0:02:44] Prevents Nf3.} Rxe6 44. f4 {[%emt 0:00:08] [#]} Rfe7 $1 45. fxe5 (45. Rd8+ Re8) 45... Rxe5 46. Rexe5 Rxe5 {[%emt 0:00:28][%mdl 4096] Endgame KR-KR} 47. Rd8+ Kf7 48. Rd7+ Re7 49. Rd6 Re3+ 50. Kf4 Re5 51. Rd7+ Ke6 52. Rxb7 Rb5 {[%emt 0:00:04] Prevents Rb6+.} 53. Ra7 Rxb4+ 54. Kg3 Rb6 55. Kf4 Kd5 56. Rg7 Rb4+ 57. Kg3 Rg4+ 58. Kf3 (58. Kh3 $142 Kc6 59. Rf7) 58... Kc5 59. Ra7 Kb5 60. Rb7+ Ka5 61. Rf7 f5 62. Rf6 Kb5 63. Re6 a5 {[%emt 0:00:10][%cal Ba6a5,Ba5a4][%mdl 32] ...a4 is the strong threat.} 64. Rf6 a4 65. Re6 Kc4 66. Rb6 Kd3 {[%emt 0:00:19] White must now prevent ...Kc2.} 67. Rc6 Kd2 68. Kf2 Rxh4 {[%emt 0:00:18] Threatens to win with ...Rb4.} 69. Rxg6 Rf4+ {[%emt 0:00:06] Weighted Error Value: White=0.29 (precise) /Black=0.09 (flawless)} 0-1